 Dungeon Crawl Stone Soup version 0.16-b1 (webtiles) character file.

531 Tolias the Ruffian (level 7, -1/62 HPs)
             Began as a Troll Conjurer on Mar 14, 2015.
             Was a Follower of Ru.
             Slain by an ogre
             ... wielding a +0 giant club
              (4 damage)
             ... on level 4 of the Dungeon.
             The game lasted 00:07:32 (3255 turns).

Tolias the Ruffian (Troll Conjurer)                 Turns: 3255, Time: 00:07:32

Health: -1/62      AC:  2    Str: 17    XL:     7   Next: 3%
Magic:  5/5        EV: 10    Int: 11    God:    Ru [*.....]
Gold:   112        SH:  0    Dex: 12    Spells: 1 memorised, 7 levels left

rFire  . . .     SeeInvis .       - Unarmed
rCold  + . .     Clarity  .     a - +0 robe
rNeg   . . .     SustAb   .     (shield restricted)
rPois  .         Gourm    +     (helmet restricted)
rElec  .         Spirit   .     (no cloak)
rCorr  .         Warding  .     (gloves unavailable)
rMut   .         Stasis   .     (boots unavailable)
MR     .....                    (no amulet)
Stlth  +.........               (no ring)
                                e - ring of protection from cold

@: not resistant to hostile enchantments, very unstealthy
A: unfitting armour, claws 3, fast metabolism 3, gourmand, regeneration 2,
shaggy fur 1, tough skin 2, vulnerability to harm 1
a: Renounce Religion


You were on level 4 of the Dungeon.
You worshipped Ru.
Ru was aware of your devotion.
You were very full.

You visited 1 branch of the dungeon, and saw 4 of its levels.

You collected 112 gold pieces.

Inventory:

Armour
 a - a +0 robe (worn)
Jewellery
 e - a ring of protection from cold (left claw)
Scrolls
 f - a scroll of random uselessness {unknown}
 g - 2 scrolls of teleportation {unknown}
 m - a scroll of remove curse
 n - a scroll of recharging {unknown}
 q - a scroll of noise {unknown}
Potions
 h - a potion of restore abilities {unknown}
 j - a potion of poison {unknown}
 p - 4 potions of cancellation
 r - a potion of lignification
Books
 c - a book of Conjurations

   Spells                             Type                      Level
   a - Magic Dart                     Conjuration                  1
   b - Searing Ray                    Conjuration                  2
   c - Dazzling Spray                 Conjuration/Hexes            3
   d - Fulminant Prism                Conjuration/Hexes            4
   e - Iskenderun's Mystic Blast      Conjuration                  4
   f - Iskenderun's Battlesphere      Conjuration/Charms           5
Comestibles
 b - 4 meat rations
 d - 3 bread rations
 i - a slice of pizza
 l - 2 beef jerkies
 o - 4 fruits


   Skills:
 + Level 1.4 Fighting
 + Level 1.5 Throwing
 + Level 2.2 Dodging
 - Level 1.1 Stealth
 - Level 6.3 Unarmed Combat
 - Level 1.2 Spellcasting
 - Level 2.9 Conjurations


You had 7 spell levels left.
You knew the following spells:

 Your Spells              Type           Power        Failure   Level  Hunger
a - Magic Dart            Conj           #...         12%         1    ##.....


Dungeon Overview and Level Annotations

Branches:
Dungeon (4/15)
 Temple: D:4-7

Altars:
Kikubaaqudgha
Ru
Sif Muna
Trog
The Shining One


Innate Abilities, Weirdness & Mutations

You are too large for most types of armour.
You have claws for hands.
Your metabolism is lightning-fast.
You like to eat raw meat.
You heal very quickly.
You are covered in fur (AC +1).
You have very tough skin (AC +2).
You take slightly more damage. (-3 AC)


Message History

Press: ? - help, Shift-Dir - straight line, f/p - ogre
Aim: an ogre, wielding a giant club You throw a throwing net {=f}.
The throwing net {=f} barely misses the ogre.
The rat barely misses you. The ogre closely misses you.
The rat barely misses you. The rat closely misses you.
An adder comes into view.
The rat closely misses you. The rat bites you.
You open the door. The ogre hits you with a giant club!!
Ouch! That really hurt!
* * * LOW HITPOINT WARNING * * *
The rat bites you.
* * * LOW HITPOINT WARNING * * *
Drink which item? (? for menu, Esc to quit)
Okay, then.
Unknown command.
The ogre hits you with a giant club.
You die...

.......+..'....#...#
.......#..#....+...#
.......#..#....#...#
.......#..##'###...#
.......#+###..##...#
.###+#.....#..'....#
.# #.....'..#....#
.+ +.....#+###...#
.# #.....(...#@####
. #.........O....#
##........r....#
+.............#
#.............#
#....####.....#
#...!# #######
#....S# #.....#


You could see an ogre and a rat.

Vanquished Creatures
  A hippogriff (D:4)
  Blork the orc (D:4)
  A scorpion (D:4)
  An orc priest (D:4)
  2 orc wizards (D:3)
  Terence (D:2)
  3 adders (D:2)
  7 gnolls
  A giant mite (D:3)
  An adder skeleton (D:3)
  4 giant geckos
  2 oozes
  14 orcs
  7 goblins
  7 hobgoblins
  6 kobolds
  A ball python skeleton (D:4)
  7 bats
  3 giant cockroaches
  3 giant newts
  2 quokkas
  A quokka skeleton (D:4)
  6 rats
82 creatures vanquished.

Notes
Turn   | Place    | Note
--------------------------------------------------------------
     0 | D:1      | Tolias, the Troll Conjurer, began the quest for the Orb.
     0 | D:1      | Reached XP level 1. HP: 16/16 MP: 2/2
    60 | D:1      | Reached skill level 1 in Unarmed Combat
   353 | D:1      | Reached XP level 2. HP: 19/24 MP: 2/2
   747 | D:2      | Found an ancient bone altar of Kikubaaqudgha.
   761 | D:2      | Found a bloodstained altar of Trog.
   936 | D:2      | Reached XP level 3. HP: 25/31 MP: 3/3
  1012 | D:2      | Reached skill level 3 in Unarmed Combat
  1165 | D:2      | Reached XP level 4. HP: 27/39 MP: 4/4
  1317 | D:2      | Found a glowing golden altar of the Shining One.
  1378 | D:2      | Reached skill level 4 in Unarmed Combat
  1409 | D:2      | Noticed Terence
  1420 | D:2      | Killed Terence
  1549 | D:2      | Found a deep blue altar of Sif Muna.
  1549 | D:2      | Found a sacrificial altar of Ru.
  1557 | D:2      | Became a worshipper of Ru the Awakened
  1888 | D:3      | Reached XP level 5. HP: 25/45 MP: 4/4
  2071 | D:3      | Reached skill level 5 in Unarmed Combat
  2575 | D:4      | Noticed Blork the orc
  2582 | D:4      | Killed Blork the orc
  2582 | D:4      | Reached skill level 6 in Unarmed Combat
  2582 | D:4      | Reached XP level 6. HP: 50/53 MP: 5/5
  2846 | D:4      | Gained mutation: You take slightly more damage. (-3 AC) [Ru sacrifice]
  2846 | D:4      | Acquired Ru's first power
  3102 | D:4      | Noticed a hippogriff
  3128 | D:4      | Killed a hippogriff
  3128 | D:4      | Reached skill level 1 in Fighting
  3128 | D:4      | Reached skill level 1 in Throwing
  3128 | D:4      | Reached XP level 7. HP: 23/62 MP: 5/5
  3237 | D:4      | Noticed an ogre
  3254 | D:4      | HP: 3/62 [ogre/giant club (32)]
  3255 | D:4      | Slain by an ogre

Action                   |  1- 3 |  4- 6 |  7- 9 || total
-------------------------+-------+-------+-------++-------
Melee: Unarmed           |    81 |   174 |       ||   255
Throw: Throwing net      |       |     7 |     2 ||     9
Invok: Sacrifice Health  |       |     1 |       ||     1
  Use: Potion            |     1 |       |       ||     1
       Scroll            |       |     3 |       ||     3
 Stab: Sleeping          |     1 |       |       ||     1
       Held in net/web   |       |     1 |       ||     1
  Eat: Chunk             |     3 |    25 |     1 ||    29
       Meat ration       |     1 |       |       ||     1
